 Dungeon Crawl Stone Soup version 0.27.1-36-g1b1ada6b1e (webtiles) character file.

Game seed: 6011962480912217288

36287 tkbsonic5 the Covert (level 13, -3/61 HPs)
             Began as a Spriggan Venom Mage on Jan 8, 2023.
             Was a High Priest of Dithmenos.
             Slain by Rupert (34 damage)
             ... on level 4 of the Lair of Beasts on Jan 19, 2023.
             The game lasted 02:35:47 (26919 turns).

tkbsonic5 the Covert (Spriggan Venom Mage)         Turns: 26919, Time: 02:35:48

Health: -3/61      AC:  8    Str: 10      XL:     13   Next: 52%
Magic:  3/30       EV: 20    Int: 21      God:    Dithmenos [*****.]
Gold:   695        SH:  0    Dex: 15 (16) Spells: 5/31 levels left

rFire    . . .     SeeInvis +   b - +2 dagger (venom)
rCold    + . .     Faith    +   (shield restricted)
rNeg     . . .     Spirit   .   Q - +2 robe {rC+}
rPois    .         Reflect  .   (helmet restricted)
rElec    .         Harm     .   (no cloak)
rCorr    .         Rampage  .   (gloves unavailable)
Will     ++...                  (boots unavailable)
Stlth    ++++++++..             K - amulet of faith
HPRegen  0.20/turn              D - +4 ring of protection
MPRegen  0.22/turn              r - +6 ring of strength

@: hasted, wreathed by umbra, studying Maces & Flails, very quick
A: very small, no large weapons, unfitting armour, see invisible, speed 3,
antennae 1, deterioration 1, high mp 1
a: Renounce Religion, Shadow Step, Shadow Form


You were on level 4 of the Lair of Beasts.
You worshipped Dithmenos.
Dithmenos was extremely pleased with you.
You visited 3 branches of the dungeon, and saw 18 of its levels.

You collected 1033 gold pieces.
You spent 338 gold pieces at shops.

Inventory:

Hand Weapons
 b - a +2 dagger of venom (weapon)
 f - the +4 falchion "Xir Kion" {drain, *Rage Str+9 Dex+4 Stlth+}
   (You found it on level 4 of the Dungeon)

   A truly terrible weapon, it drains the life of any living foe it strikes.
   Str:       It affects your strength (+9).
   Dex:       It affects your dexterity (+4).
   *Rage:     It may make you go berserk in combat.
   Stlth:     It makes you more stealthy.
 w - a +1 flail of holy wrath
 y - a +2 shortbow of flaming
 I - a +4 spear
 L - a +0 scimitar of flaming
Missiles
 e - 39 arrows
 l - 52 poisoned darts
 n - 132 bolts
 q - 2 boomerangs of dispersal
 t - 83 sling bullets
 T - 2 throwing nets
Armour
 g - a +2 buckler
 x - a +1 robe of cold resistance
 H - +0 acid dragon scales
 Q - a +2 robe of cold resistance (worn)
Jewellery
 j - a ring of ice
 m - a ring of poison resistance
 r - a +6 ring of strength (right hand)
 D - a +4 ring of protection (left hand)
 G - a ring of ice
 K - an amulet of faith (around neck)
 M - a ring of willpower
 V - a ring of magical power
 W - an amulet of regeneration
Wands
 a - a wand of polymorph (17)
 C - a wand of digging (3)
 F - a wand of flame (17)
 O - a wand of paralysis (7)
 X - a wand of iceblast (12)
Scrolls
 c - 3 scrolls of magic mapping
 d - 4 scrolls of teleportation
 h - a scroll of blinking
 v - 4 scrolls of holy word
 A - 4 scrolls of silence
 E - a scroll of acquirement
 N - 2 scrolls of fog
 R - a scroll of identify
 S - a scroll of fear
 Z - a scroll of amnesia
Potions
 i - 3 potions of curing
 k - a potion of ambrosia
 o - a potion of attraction
 p - 2 potions of berserk rage
 s - 2 potions of brilliance
 u - 2 potions of might
 U - 2 potions of heal wounds
Miscellaneous
 B - a tin of tremorstones (inert)
 J - a condenser vane (inert)


   Skills:
 * Level 3.9 Fighting
 + Level 1.5(2.9) Short Blades
 - Level 2.8(3.0) Long Blades
 - Level 2.1(2.3) Slings
 - Level 7.4 Bows
 - Level 0.9(1.4) Throwing
 + Level 6.6 Dodging
 * Level 12.6 Stealth
 * Level 9.6 Spellcasting
 * Level 5.2 Conjurations
 * Level 5.3 Hexes
 * Level 6.8 Translocations
 * Level 7.4 Transmutations
 * Level 4.4 Fire Magic
 * Level 2.4 Ice Magic
 * Level 5.3 Air Magic
 * Level 5.0 Earth Magic
 * Level 7.0 Poison Magic
 * Level 5.2 Invocations
 * Level 7.0 Evocations


You had 5 spell levels left.
You knew the following spells:

 Your Spells              Type           Power      Damage    Failure   Level
a - Sting                 Tmut/Pois      100%       1d8       1%          1
b - Poisonous Vapours     Pois/Air       72%        N/A       1%          2
c - Mephitic Cloud        Conj/Pois/Air  34%        N/A       1%          3
d - Olgreb's Toxic Radia  Pois           39%        N/A       3%          4
e - Blink                 Tloc           N/A        N/A       1%          2
f - Petrify               Tmut/Erth      36%        N/A       5%          4
g - Stone Arrow           Conj/Erth      62%        3d10      2%          3
h - Sticky Flame          Conj/Fire      30%        2d5       10%         4
i - Ensorcelled Hibernat  Hex/Ice        52%        N/A       1%          2
j - Corona                Hex            35%        N/A       1%          1

Your spell library contained the following spells:

 Spells                   Type           Power      Damage    Failure   Level
 Ignite Poison            Fire/Tmut/Pois 36%        N/A       1%          3
 Lesser Beckoning         Tloc           19%        N/A       1%          3
 Conjure Flame            Conj/Fire      30%        6-21      2%          3
 Dazzling Flash           Conj/Hex       64%        N/A       2%          3
 Tukima's Dance           Hex            32%        N/A       2%          3
 Iskenderun's Mystic Bla  Conj/Tloc      35%        2d8       5%          4
 Blade Hands              Tmut           20%        N/A       9%          5
 Sublimation of Blood     Necr           5%         N/A       11%         2
 Manifold Assault         Tloc           39%        N/A       11%         5
 Irradiate                Conj/Tmut      18%        3d19      14%         5
 Iskenderun's Battlesphe  Conj           32%        2d8       22%         5
 Animate Armour           Summ/Erth      40%        N/A       24%         4
 Fireball                 Conj/Fire      15%        3d8       26%         5
 Conjure Ball Lightning   Conj/Air       16%        3x3d6     75%         6
 Starburst                Conj/Fire      15%        6d6       82%         6
 Dragon Form              Tmut           20%        N/A       95%         7
 Orb of Destruction       Conj           16%        9d7       100%        7
 Lehudib's Crystal Spear  Conj/Erth      15%        10d5      100%        8


Dungeon Overview and Level Annotations

Branches:
Dungeon (11/15)            Temple (1/1) D:5            Lair (6/6) D:11
 Shoals (0/4) Lair:3       Spider (0/4) Lair:4        Slime (0/5) Lair:6
    Orc (0/2) D:9

Altars:
Ashenzari
Cheibriados
Dithmenos
Elyvilon
Fedhas
Gozag
Hepliaklqana
Kikubaaqudgha
Makhleb
Nemelex Xobeh
Okawaru
Qazlal
Ru
Sif Muna
Trog
Uskayaw
Vehumet
Wu Jian
Xom
Zin
The Shining One
Beogh

Shops:
D:7 :=

Annotations:
D:6 7 runed translucent doors, rozman's ghost, novice TeCj
D:10 exclusion: oklob plant
Lair:4 Rupert


Innate Abilities, Weirdness & Mutations

You are very small and have problems with some larger weapons.
You are too small for most types of armour.
You have supernaturally acute eyesight. (SInv)
You cover ground extremely quickly. (Speed+++)
You have a pair of small antennae on your head.
Your body sometimes deteriorates upon taking damage.
You have an increased reservoir of magic. (+10% MP)


Message History

The stinking cloud engulfs Rupert but does no damage.
Rupert is lightly wounded.
You hear a croak.
Poisonous vapours surround Rupert!
Rupert looks as sick as possible!
Rupert is engulfed in noxious fumes.
Aiming: Iceblast
Press: ? - help, Shift-Dir - straight line, f/p - Rupert
Aim: Rupert, wielding a +1 vorpal great sword and wearing a +0 ring mail (noxious fumes, lightly wounded, extremely poisoned, umbra)
The mass of ice explodes!
The iceblast engulfs Rupert!!
Rupert is moderately wounded.
The iceblast engulfs the wyvern!!
The wyvern is severely wounded.
Rupert is engulfed in noxious fumes.
Rupert yells loudly at you.
You suddenly lose the ability to move!
You can move again.
Rupert roars madly and goes into a rage!
Rupert goes berserk!
You barely miss the wyvern.
The wyvern is severely wounded.
The wyvern barely misses you.
You barely miss the wyvern.
The wyvern is severely wounded.
The wyvern bites you but does no damage.
Poisonous vapours surround Rupert!
Rupert looks as sick as possible!
Rupert misses you.
Poisonous vapours surround Rupert!
Rupert looks as sick as possible!
Rupert hits you with a +1 vorpal great sword!!
Your body deteriorates!
You feel clumsy.
You emit a cloud of dark smoke.
Rupert rages.
The rime drake hisses angrily.
The rime drake breathes ice at you. The flash freeze misses you.
Okay, then.
Okay, then.
You feel yourself speed up.
Rupert hits you with a +1 vorpal great sword!!
Ouch! That really hurt!
You die...

#...## ##....#.# ....## #P....##.
.....## ### ##.....##
......######## ##.#####........
........#.##.#####...##.##.....#.
........P....§..P..............##
#................................
##........§§§§...........#.......
#........§§§§l@@................
###.P.##..§§§§§..................
#.........§§§§.>.................
#.....###.§§§§...#..k............
..##.###.l##.....#....###........
#.......................#........
#..............................##
#...#..#.##.#....#............#..
..........###...#......##.......<


You could see Rupert (berserk, extremely poisoned), a rime drake (catching
breath) and a wyvern.

Vanquished Creatures
  Snorg (Lair:3)
  Fannar (D:11)
  Harold (Lair:1)
  A boulder beetle (Lair:1)
  5 hydras
  Erica (D:10)
  3 two-headed ogres
  Urug (Lair:3)
  A cyclops (D:11)
  6 elephants (Lair:3)
  A torpor snail (Lair:3)
  A gargoyle (D:10)
  6 cane toads
  Psyche (D:8)
  3 rime drakes
  A demonic crawler (Lair:3)
  6 komodo dragons
  A hornet (Lair:4)
  13 blink frogs
  9 dream sheep
  A snapping turtle (Lair:3)
  Sigmund (D:5)
  A shadow (D:6)
  A wraith (D:6)
  2 basilisks
  A wyvern (Lair:4)
  26 yaks
  2 steam dragons
  Eustachio (D:5)
  6 vampire mosquitoes
  Grum (D:10)
  A swamp worm (Lair:3)
  2 acid dragons
  14 water moccasins
  A hornet zombie (D:8)
  8 orc warriors
  3 necrophages
  5 ogres
  2 black bears
  2 centaurs
  21 wolves
  A phantom (D:6)
  3 kobold brigands
  10 bullfrogs
  3 gnoll sergeants
  A water moccasin zombie (D:6)
  A wyvern skeleton (D:6)
  5 scorpions
  A wyvern zombie (D:6)
  A water moccasin skeleton (D:6)
  6 killer bees
  4 wights (D:9)
  6 electric eels
  3 howler monkeys (D:10)
  6 centaur zombies
  3 bullfrog zombies (D:6)
  3 hounds
  4 gnoll shamans
  5 orc priests
  2 bullfrog skeletons (D:6)
  4 centaur skeletons
  An iguana (D:5)
  22 orc wizards
  A killer bee zombie (D:6)
  3 howler monkey zombies
  17 gnolls
  A howler monkey skeleton (D:6)
  A river rat (D:3)
  6 adders
  3 shadow imps
  3 white imps
  7 worms
  A dart slug (D:4)
  54 orcs
  6 endoplasms
  3 giant cockroaches
  6 goblins
  7 hobgoblins
  4 jackals (D:2)
  14 kobolds
  5 quokkas
  12 ball pythons
  2 bats
  2 frilled lizards
  13 rats
431 creatures vanquished.

Vanquished Creatures (others)
  A gnoll (D:8)
  77 fungi
  118 plants
  2 withered plants (D:6)
198 creatures vanquished.

Grand Total: 629 creatures vanquished

Notes
Turn   | Place    | Note
-------+----------+-------------------------------------------
     0 | D:1      | tkbsonic5 the Spriggan Venom Mage began the quest for the
                  | Orb.
     0 | D:1      | Reached XP level 1. HP: 9/9 MP: 5/5
   309 | D:1      | Reached XP level 2. HP: 14/14 MP: 1/6
   327 | D:1      | Learned a level 2 spell: Poisonous Vapours
   894 | D:2      | Gained mutation: Your body sometimes deteriorates upon
                  | taking damage. [potion of mutation]
   894 | D:2      | Gained mutation: You have a pair of small antennae on your
                  | head. [potion of mutation]
   894 | D:2      | Gained mutation: You have an increased reservoir of magic.
                  | (+10% MP) [potion of mutation]
   939 | D:2      | Reached XP level 3. HP: 17/17 MP: 1/9
  1056 | D:2      | Learned a level 3 spell: Mephitic Cloud
  1143 | D:2      | Found a faded altar of an unknown god.
  1605 | D:2      | Reached skill level 1 in Short Blades
  1605 | D:2      | Reached skill level 4 in Stealth
  2069 | D:3      | Reached skill level 1 in Fighting
  2069 | D:3      | Reached XP level 4. HP: 10/22 MP: 8/10
  2882 | D:3      | Found a sacrificial altar of Ru.
  3059 | D:3      | Reached XP level 5. HP: 25/25 MP: 12/12
  3365 | D:3      | Found an ancient bone altar of Kikubaaqudgha.
  3655 | D:4      | Noticed an orc warrior
  3719 | D:3      | Killed an orc warrior
  3720 | D:3      | Reached skill level 1 in Air Magic
  3720 | D:3      | Reached XP level 6. HP: 26/30 MP: 1/13
  4378 | D:4      | Found a hide-covered altar of Uskayaw.
  4395 | D:4      | Reached skill level 5 in Stealth
  4626 | D:4      | Reached XP level 7. HP: 35/35 MP: 3/15
  4717 | D:4      | Learned a level 4 spell: Olgreb's Toxic Radiance
  4845 | D:4      | Reached skill level 1 in Conjurations
  5290 | D:4      | Found an ornate altar of the Wu Jian Council.
  5312 | D:4      | Identified the +4 falchion "Xir Kion" {drain, *Rage Str+9
                  | Dex+4 Stlth+}
  5341 | D:5      | Entered Level 5 of the Dungeon
  5369 | D:5      | Noticed Eustachio
  5393 | D:5      | Killed Eustachio
  5487 | D:5      | Found a glowing silver altar of Zin.
  5537 | D:5      | Reached skill level 1 in Slings
  5650 | D:5      | Found a staircase to the Ecumenical Temple.
  5666 | Temple   | Entered the Ecumenical Temple
  5670 | Temple   | Learned a level 2 spell: Blink
  5712 | Temple   | Became a worshipper of Dithmenos the Shadowed
  5895 | D:5      | Reached skill level 6 in Stealth
  6031 | D:5      | Reached skill level 5 in Dodging
  6031 | D:5      | Reached XP level 8. HP: 39/39 MP: 8/17
  6037 | D:5      | Learned a level 4 spell: Petrify
  6246 | D:5      | Found a hazy altar of Hepliaklqana.
  6247 | D:5      | Found a faded altar of an unknown god.
  6273 | D:5      | Reached skill level 1 in Long Blades
  6504 | D:5      | Noticed Sigmund
  6522 | D:5      | Killed Sigmund
  6523 | D:5      | Reached skill level 5 in Spellcasting
  8021 | D:6      | Reached skill level 1 in Earth Magic
  8193 | D:6      | Reached * piety under Dithmenos
  8363 | D:6      | Found a runed translucent gate.
  8365 | D:6      | Found a runed translucent gate.
  8365 | D:6      | Found an opulent altar of Gozag.
  8367 | D:6      | Found a runed translucent gate.
  8367 | D:6      | Noticed an unseen horror
  8369 | D:6      | Noticed rozman's ghost (novice TeCj)
  8443 | D:6      | Reached skill level 7 in Stealth
  8443 | D:6      | Reached XP level 9. HP: 44/44 MP: 19/19
  8602 | D:6      | Found a large runed translucent door.
  8602 | D:6      | Found a large runed translucent door.
  8614 | D:6      | Noticed a manticore
  8623 | D:6      | Found a large runed translucent door.
  8623 | D:6      | Found a large runed translucent door.
  8627 | D:6      | Reached skill level 5 in Poison Magic
  9170 | D:6      | Learned a level 3 spell: Stone Arrow
  9342 | D:6      | Reached ** piety under Dithmenos
  9352 | D:6      | Reached skill level 8 in Stealth
  9352 | D:6      | Reached skill level 1 in Evocations
  9737 | D:6      | Found a broken altar of Ashenzari.
  9744 | D:6      | Found a shimmering blue altar of Sif Muna.
 10056 | D:7      | Reached skill level 1 in Invocations
 10301 | D:7      | Reached skill level 5 in Transmutations
 10733 | D:7      | Found Hopseank's Jewellery Shop.
 10736 | D:7      | Found Vuoc's Book Emporium.
 11660 | D:7      | Bought an Everburning Encyclopedia for 338 gold pieces
 12436 | D:8      | Noticed Psyche
 12438 | D:8      | Killed Psyche
 12439 | D:8      | Reached skill level 1 in Bows
 12439 | D:8      | Reached skill level 1 in Translocations
 12439 | D:8      | Reached XP level 10. HP: 12/49 MP: 1/22
 12671 | D:8      | Noticed a two-headed ogre
 12699 | D:8      | Killed a two-headed ogre
 12806 | D:8      | Found a flagged portal.
 13037 | D:8      | Found a radiant altar of Vehumet.
 13106 | D:8      | Reached skill level 9 in Stealth
 13671 | D:9      | Noticed a two-headed ogre
 13686 | D:9      | Found a staircase to the Orcish Mines.
 13702 | D:9      | Killed a two-headed ogre
 13702 | D:9      | Reached *** piety under Dithmenos
 13958 | D:9      | Learned a level 4 spell: Sticky Flame
 15766 | D:10     | Entered Level 10 of the Dungeon
 15818 | D:10     | Reached skill level 1 in Fire Magic
 15995 | D:10     | Noticed Erica
 16001 | D:10     | Killed Erica
 16002 | D:10     | Reached XP level 11. HP: 53/53 MP: 6/25
 16105 | D:10     | Found a snail-covered altar of Cheibriados.
 16158 | D:10     | Reached skill level 10 in Stealth
 16360 | D:10     | Noticed Grum
 16371 | D:10     | Killed Grum
 16378 | D:10     | Reached **** piety under Dithmenos
 16693 | D:10     | Noticed an eight-headed hydra
 16703 | D:10     | Killed an eight-headed hydra
 16812 | D:10     | Learned a level 2 spell: Ensorcelled Hibernation
 17086 | D:10     | Reached skill level 1 in Hexes
 17202 | D:10     | Found an opulent altar of Gozag.
 17515 | D:10     | Found a blossoming altar of Fedhas.
 17550 | D:10     | Noticed an oklob plant
 18334 | D:11     | Noticed Fannar
 18353 | D:11     | Killed Fannar
 18354 | D:11     | Reached skill level 5 in Bows
 18876 | D:11     | Learned a level 1 spell: Corona
 18923 | D:11     | Noticed a two-headed ogre
 18954 | D:11     | Killed a two-headed ogre
 19160 | D:11     | Reached ***** piety under Dithmenos
 19613 | D:11     | Found a staircase to the Lair.
 19642 | D:11     | Reached skill level 11 in Stealth
 20456 | Lair:1   | Entered Level 1 of the Lair of Beasts
 20477 | Lair:1   | Noticed an eight-headed hydra
 20481 | Lair:1   | Killed an eight-headed hydra
 20482 | Lair:1   | Reached skill level 1 in Ice Magic
 20482 | Lair:1   | Reached XP level 12. HP: 58/58 MP: 27/27
 21213 | Lair:1   | Noticed a five-headed hydra
 21218 | Lair:1   | Killed a five-headed hydra
 21219 | Lair:1   | Reached skill level 5 in Evocations
 21762 | Lair:1   | Noticed Harold
 21771 | Lair:1   | Killed Harold
 22143 | Lair:2   | Noticed a boulder beetle
 22145 | Lair:2   | Noticed a four-headed hydra
 22199 | Lair:1   | Killed a four-headed hydra
 22200 | Lair:1   | Reached skill level 5 in Translocations
 22238 | Lair:1   | Killed a boulder beetle
 22866 | Lair:2   | Reached skill level 5 in Air Magic
 23728 | Lair:2   | Reached skill level 12 in Stealth
 24076 | Lair:3   | Noticed Urug
 24084 | Lair:3   | Killed Urug
 24085 | Lair:3   | Reached skill level 5 in Conjurations
 24085 | Lair:3   | Reached XP level 13. HP: 47/61 MP: 13/29
 24362 | Lair:3   | Noticed Snorg
 24373 | Lair:3   | Killed Snorg
 24374 | Lair:3   | Reached skill level 5 in Hexes
 24721 | Lair:3   | Upgraded the game from 0.27.1-35-g4d5d836560 to
                  | 0.27.1-36-g1b1ada6b1e
 25008 | Lair:3   | You fall into a shaft and drop 3 floors!
 25008 | Lair:6   | Entered Level 6 of the Lair of Beasts
 25069 | Lair:4   | Noticed Rupert
 25514 | Lair:3   | Reached skill level 5 in Invocations
 25681 | Lair:3   | Identified a scroll of acquirement
 25890 | Lair:3   | Found a staircase to the Shoals.
 26337 | Lair:4   | Found a hazy altar of Hepliaklqana.
 26541 | Lair:4   | Found a hole to the Spider Nest.
 26599 | Lair:4   | Reached skill level 5 in Earth Magic
 26890 | Lair:4   | Paralysed by Rupert for 2 turns
 26919 | Lair:4   | Slain by Rupert

Illustrated notes

Levels and vault maps discovered:
D:1:      amcnicky_arrival_wind_blow, layout_loops_ring
D:2:      layout_basic, basic_ecumenical_altar, kennysheep_generic_room_8
D:3:      layout_loops_ring, lemuel_tele_altar, nicolae_ru_awakened_eye,
          gup_sewer_entry_bubbles
D:4:      layout_cave_pools, nicolae_uskayaw_murder_on_the_dancefloor,
          nicolae_wu_jian_glorious_leap, minmay_misc_feat_chi,
          chequers_arboretum, minmay_manual_mullet
D:5:      layout_loops_corners, lemuel_mausoleum_altar_yredelemnul,
          mainiacjoe_overflow_six_doors_small,
          beargit_hepliaklqana_dungeon_heroes, minmay_temple_entry_offerings,
          minmay_misc_feat_roman, kennysheep_crisscross, uniq_sigmund,
          uniq_eustachio
D:6:      layout_loops_ring, amethyst_overflow_temple_binary, serial_undead,
          serial_undead_c, serial_undead_c, serial_undead_d, serial_undead_a,
          ebering_ghost_gozag, grunt_ministairs_12, roderic_cross_of_infinity,
          minmay_hollow_rounded_squares
D:7:      layout_basic, nicolae_wooded_promenade, kennysheep_generic_room_13
D:8:      layout_basic, mainiacjoe_overflow_small_starburst, enter_bailey_2,
          uniq_psyche
D:9:      layout_loops_ring, minmay_orc_entry_temple_small,
          hangedman_decor_riveting, st_stairs_3
D:10:     layout_stronghold, cheibriados_altar_1, tgw_fedhas,
          mainiacjoe_overflow_alcove_1, corexii_leaking_fountain,
          chequers_avenue, uniq_grum, uniq_erica
D:11:     layout_basic, due_lair_maze_entry_diamond, minmay_door_square,
          uniq_fannar
Temple:   dpeg_three_leaves_temple
Lair:1:   layout_small_grid, uniq_harold
Lair:2:   layout_cave_pods
Lair:3:   layout_hall_layers, minmay_shoals_entry_hut, worms_lemuel, uniq_urug,
          uniq_snorg
Lair:4:   layout_gridlike, nicolae_spider_entry_non_spiders, basic_altar,
          beast_lair_carwin_5, grunt_megastairs_4, uniq_rupert
Lair:5:   layout_regular_city, enter_volcano_1
Lair:6:   evil_forest, layout_cave_pods, slime_altar_2,
          portal_ice_cave_entry_pillars_1

Skill      XL: |  1  2  3  4  5  6  7  8  9 10 11 12 13 |
---------------+----------------------------------------+-----
Dodging        | 3 4 5 6 |  6.6
Spellcasting   | 3 4 5 6 7 8 9 |  9.6
Short Blades   | 1 |  1.5
Stealth        | 4 5 6 7 8 9 11 12 | 12.6
Fighting       | 1 2 3 |  3.9
Transmutations | 2 3 4 5 6 7 |  7.4
Air Magic      | 1 2 3 4 5 |  5.3
Conjurations   | 1 2 3 4 5 |  5.2
Poison Magic   | 4 5 6 7 |  7.0
Slings         | 1 2 |  2.1
Long Blades    | 2 |  2.8
Earth Magic    | 1 3 4 5 |  5.0
Evocations     | 2 3 4 6 7 |  7.0
Invocations    | 1 2 3 4 5 |  5.2
Bows           | 1 4 5 7 |  7.4
Translocations | 1 3 4 5 6 |  6.8
Fire Magic     | 1 2 4 |  4.4
Hexes          | 2 4 5 |  5.3
Ice Magic      | 1 2 |  2.4
Throwing       | |  0.9

Action                   |  1- 3 |  4- 6 |  7- 9 | 10-12 | 13-15 || total
-------------------------+-------+-------+-------+-------+-------++-------
Melee: Dagger            |    43 |    86 |    16 |     5 |    50 ||   200
       Falchion          |       |       |   212 |       |     3 ||   215
 Fire: Shortbow          |       |       |    19 |   425 |    21 ||   465
Throw: Dart              |     1 |    68 |    93 |     3 |    18 ||   183
       Throwing net      |       |       |       |     2 |     3 ||     5
 Cast: Sting             |    48 |    20 |     9 |     5 |       ||    82
       Poisonous Vapours |       |    52 |    81 |    34 |     6 ||   173
       Mephitic Cloud    |       |       |    34 |    49 |     7 ||    90
       Blink             |       |       |     2 |    10 |     3 ||    15
       Olgreb's Toxic Ra |       |       |     2 |    42 |    18 ||    62
       Petrify           |       |       |     2 |     8 |    37 ||    47
       Stone Arrow       |       |       |       |   133 |    13 ||   146
       Ensorcelled Hiber |       |       |       |    10 |     2 ||    12
       Sticky Flame      |       |       |       |    12 |     4 ||    16
       Corona            |       |       |       |     3 |       ||     3
Invok: Shadow Step       |       |       |       |     4 |     3 ||     7
Evoke: Wand              |       |       |     2 |    30 |     3 ||    35
       Tin of tremorston |       |       |     2 |     2 |     1 ||     5
       Condenser vane    |       |       |       |     1 |     1 ||     2
  Use: Scroll            |     8 |     1 |     7 |     6 |     5 ||    27
       Potion            |     1 |     1 |    10 |     6 |     1 ||    19
 Stab: Sleeping          |     9 |     2 |     7 |     4 |     6 ||    28
       Confused          |       |       |     3 |       |       ||     3
       Distracted        |       |       |     1 |       |       ||     1
       Petrified         |       |       |       |       |    23 ||    23
       Petrifying        |       |       |       |       |     1 ||     1
       Paralysed         |       |       |       |       |     1 ||     1
Armor: Robe              |     4 |     9 |    11 |    17 |     6 ||    47
Dodge: Dodged            |    19 |    52 |   164 |   168 |    73 ||   476
Block: Buckler           |    10 |    24 |    98 |       |       ||   132
       Rpst.: Falchion   |       |       |    46 |       |     2 ||    48
